 Dungeon Crawl Stone Soup version 0.31-a0-859-g9dce7d3444 (webtiles) character file.

Game seed: 15330796432452209589

385 Armakuni the Twirler (level 7, -3/50 HPs)
             Began as a Human Artificer on Oct 9, 2023.
             Slain by a gnoll
             ... wielding a +0 spear
              (9 damage)
             ... on level 4 of the Dungeon.
             The game lasted 00:08:01 (3682 turns).

Armakuni the Twirler (Human Artificer)              Turns: 3682, Time: 00:08:01

Health: -3/50      AC:  4    Str: 12    XL:     7   Next: 6%
Magic:  7/7        EV: 11    Int: 16    God:
Gold:   131        SH:  0    Dex: 13    Spells: 6/6 levels left

rFire   . . .        a - +0 flail
rCold   + . .        (no shield)
rNeg    . . .        k - +2 robe of the Merchant {rElec rC+ Int+2}
rPois   .            (helmet currently unavailable)
rElec   +            (cloak currently unavailable)
rCorr   .            (gloves currently unavailable)
SInv    .            (boots currently unavailable)
Will    +....        (no amulet)
Stlth   ++           (no ring)
HPRegen 0.28/turn    (no ring)
MPRegen 0.10/turn

%: no passive effects
@: mighty, beast-form, enlightened, flying
A: beast (slay +0)
a: Begin Untransformation


You were on level 4 of the Dungeon.
You were a hulking beast.
You visited 1 branch of the dungeon, and saw 4 of its levels.

You collected 131 gold pieces.

Inventory:

Hand Weapons
 a - a +0 flail (weapon)
 o - a +0 whip of electrocution
Armour
 h - a +0 pair of boots
 k - the +2 robe of the Merchant (worn) {rElec rC+ Int+2}
   (You found it on level 3 of the Dungeon)

   Int+2:     It affects your intelligence (+2).
   rC+:       It protects you from cold.
   rElec:     It insulates you from electricity.
Magical Staves
 b - a staff of cold
 l - a staff of death
Jewellery
 j - an amulet of the acrobat
Talismans
 i - a beast talisman (active)
Wands
 c - a wand of charming (10)
Scrolls
 e - 2 scrolls of fog
Potions
 d - a potion of curing
 f - a potion of brilliance
 X - a potion of mutation


   Skills:
 - Level 2.0 Fighting
 - Level 1.0(3.2) Maces & Flails
 - Level 4.9(5.0) Staves
 - Level 2.0 Armour
 - Level 1.0 Dodging
 - Level 1.0 Stealth
 + Level 4.7 Evocations


You had 6 spell levels left.
You didn't know any spells.
Your spell library contained the following spells:

 Spells                   Type           Power      Damage    Failure   Level
 Cigotuvi's Dreadful Rot  Necr/Pois/Air  0%         N/A       36%         2
 Dispel Undead            Necr           0%         3d6       94%         4
 Death Channel            Necr           0%         N/A       100%        6


Dungeon Overview and Level Annotations

Branches:
Dungeon (4/15)
 Temple: D:4-7

Altars:
Fedhas
Okawaru
Yredelemnul

Shops:
D:1 (   D:2 !


Message History

You feel very buoyant.
You fly up into the air.
The endoplasm barely misses you. The gnoll barely misses you.
The gnoll hits you with a +0 whip.
You feel very mighty all of a sudden.
The endoplasm hits you but does no damage.
The gnoll hits you from afar with a +0 spear!
You barely miss the gnoll. The endoplasm freezes you.
You are frozen.
You resist. The gnoll barely misses you. The gnoll hits you but does no damage.
The endoplasm completely misses you.
You closely miss the gnoll.
The gnoll hits you from afar with a +0 spear.
The gnoll hits you with a +0 club.
* * * LOW HITPOINT WARNING * * *
The gnoll hits you with a +0 whip.
* * * LOW HITPOINT WARNING * * *
The endoplasm freezes you.
You are frozen.
You resist.
* * * LOW HITPOINT WARNING * * *
The gnoll hits you from afar with a +0 spear.
* * * LOW HITPOINT WARNING * * *
The gnoll hits you with a +0 club.
* * * LOW HITPOINT WARNING * * *
You feel much better. The gnoll barely misses you.
The endoplasm closely misses you. The gnoll barely misses you.
The gnoll hits you with a +0 club.
You hit the gnoll.
The gnoll is moderately wounded.
The gnoll hits you with a +0 whip!
* * * LOW HITPOINT WARNING * * *
The endoplasm hits you.
* * * LOW HITPOINT WARNING * * *
The gnoll hits you from afar with a +0 spear.
* * * LOW HITPOINT WARNING * * *
The gnoll closely misses you.
You sock the gnoll!
You kill the gnoll!
The endoplasm hits you but does no damage.
The gnoll hits you from afar with a +0 spear!
You die...

..'....#..............g...#
..########..###.....##....#
.. #..###.....##....# .
............##....#
............##J...##.
..........g†........
.##.....##....####
##########'##....#
.......hJg.......#
.......)g........#
................>#
##################


You could see 2 gnolls and an endoplasm.

Vanquished Creatures
  A water moccasin (D:4)
  Blork the orc (D:4)
  2 iguanas (D:4)
  A gnoll (D:4)
  9 adders
  A dart slug (D:1)
  7 orcs
  7 ball pythons
  5 bats
  5 endoplasms
  5 giant cockroaches
  5 goblins
  10 hobgoblins
  7 jackals (D:1)
  3 quokkas
  6 frilled lizards
  5 kobolds
  6 rats
86 creatures vanquished.

Vanquished Creatures (others)
  An orc (D:2)
  A kobold (D:4)
2 creatures vanquished.

Grand Total: 88 creatures vanquished

Notes
Turn   | Place    | Note
-------+----------+-------------------------------------------
     0 | D:1      | Armakuni the Human Artificer began the quest for the Orb.
     0 | D:1      | Reached XP level 1. HP: 15/15 MP: 1/1
    59 | D:1      | Found Ygyomiel's Antique Weapon Emporium.
   110 | D:1      | Reached skill level 1 in Maces & Flails
   175 | D:1      | Reached XP level 2. HP: 21/21 MP: 2/2
   457 | D:1      | Reached skill level 1 in Staves
   457 | D:1      | Reached XP level 3. HP: 14/27 MP: 3/3
   863 | D:2      | Found Ircholupa's Distillery.
   942 | D:2      | Found a faded altar of an unknown god.
  1057 | D:2      | Reached XP level 4. HP: 33/33 MP: 4/4
  1706 | D:3      | Found an iron altar of Okawaru.
  1808 | D:3      | Reached XP level 5. HP: 36/38 MP: 5/5
  2301 | D:3      | Identified the +2 robe of the Merchant {rElec rC+ Int+2}
  2351 | D:3      | Found a blossoming altar of Fedhas.
  2739 | D:4      | Noticed a water moccasin
  2742 | D:4      | Killed a water moccasin
  2743 | D:4      | Reached XP level 6. HP: 44/44 MP: 6/6
  2765 | D:4      | HP: 2/44 [hobgoblin (2)]
  3140 | D:4      | Found a basalt altar of Yredelemnul.
  3366 | D:4      | Noticed Blork the orc
  3376 | D:4      | Killed Blork the orc
  3377 | D:4      | Reached XP level 7. HP: 30/50 MP: 7/7
  3679 | D:4      | HP: 2/50 [gnoll/+0 club (3)]
  3682 | D:4      | Slain by a gnoll

Illustrated notes

Levels and vault maps discovered:
D:1:      lightli_arrival_farm, layout_loops_ring, serial_shops, shop,
          amcnicky_mini_rare_corridor_liquid, st_stairs_14
D:2:      layout_basic, shapermc_ecumenical_altar_mp_highgroup, serial_shops,
          nicolae_square_shop, small_statue_intersection, kennysheep_cross_room
D:3:      layout_basic, mainiacjoe_overflow_catwalk,
          mainiacjoe_overflow_tiny_flanked
D:4:      layout_gridville, mainiacjoe_overflow_24_doors,
          minmay_temple_entry_trees, uniq_blork_the_orc

Skill      XL: |  1  2  3  4  5  6 |
---------------+-------------------+-----
Maces & Flails | 1 |  1.0
Fighting       | 2 |  2.0
Staves         | 1 2 3 4 |  4.9
Evocations     | 4 |  4.7
Armour         | |  2.0
Dodging        | |  1.0
Stealth        | |  1.0

Action                     |  1- 3 |  4- 6 |  7- 9 || total
---------------------------+-------+-------+-------++-------
  Melee: Club              |    57 |       |       ||    57
         Whip              |    85 |    98 |       ||   183
         Flail             |       |   107 |    15 ||   122
         Mace              |       |    16 |       ||    16
         Punch             |       |     1 |       ||     1
  Evoke: Wand              |     6 |    17 |     2 ||    25
    Use: Potion            |     2 |       |     3 ||     5
         Scroll            |     2 |     4 |       ||     6
   Stab: Sleeping          |     2 |     3 |       ||     5
 Armour: Leather armour    |    92 |    69 |       ||   161
         Robe              |       |    69 |    25 ||    94
  Dodge: Dodged            |    86 |   160 |    17 ||   263
   Form: Beast             |       |     1 |       ||     1

Table legend: (Time is in decaauts)
 A = Elapsed time spent in this place.
 B = Non-inter-level travel time spent in this place.
 C = Inter-level travel time spent in this place.
 D = Time resting spent in this place.
 E = Time spent auto-exploring this place.
 F = Levels seen in this place.
 G = Mean time per level.
                   A        B        C        D        E       F      G
               +--------+--------+--------+--------+--------+-----+--------+
         Total |   3752 |   3628 |    124 |    574 |   2118 |   4 |  938.0 |
       Dungeon |   3752 |   3628 |    124 |    574 |   2118 |   4 |  938.0 |
               +--------+--------+--------+--------+--------+-----+--------+

Top non-repeatable levels by time:
     D:3: 1235 daAuts
     D:1: 886 daAuts
     D:2: 817 daAuts
     D:4: 813 daAuts
